TOP OF THE 1ST |
University of Oklahoma Sooners batting - Pitching for University of Conneticut Huskies : LHP William Garcia
|
Pitching: LHP William Garcia
|
|
Batting: RHB Jesus Montoya
|
0-0: Swinging Strike 0-1: Called Strike 0-2: Foul Ball, location: 2F 0-2: Ball 1-2: SINGLE (Groundball, 4MS, EV 60.6 MPH) (infield hit)
|
Batting: LHB Cameron Marinelli
|
0-0: Called Strike 0-1: Foul Ball, location: 2F 0-2: Ball 1-2: Ball 2-2: Fly out, F9 (Flyball, 9LD, EV 85.0 MPH)
|
Batting: RHB Ruben Arreola
|
0-0: Swinging Strike 0-1: Ball 1-1: Swinging Strike 1-2: Strikes out swinging
|
Batting: RHB Sam Mason
|
0-0: Called Strike Jesus Montoya is caught stealing 2nd base 2-4
|
Top of the 1st over - 0 runs, 1 hit, 0 errors, 0 left on base; University of Oklahoma 0 - University of Conneticut 0 |
BOTTOM OF THE 1ST |
University of Conneticut Huskies batting - Pitching for University of Oklahoma Sooners : RHP Colin Jensen
|
Pitching: RHP Colin Jensen
|
|
Batting: RHB Victor Nava
|
0-0: Ball 1-0: Ground out 5-3 (Groundball, 5, EV 82.5 MPH)
|
Batting: RHB Kyle Finney
|
0-0: Ball 1-0: Ball 2-0: Called Strike 2-1: Called Strike 2-2: Strikes out swinging
|
Batting: LHB Greg James
|
0-0: Ball 1-0: Ball 2-0: Ball 3-0: Called Strike 3-1: Swinging Strike 3-2: Base on Balls
|
Batting: RHB Jordan Nicholas
|
0-0: Ball 1-0: Called Strike 1-1: Ground out 5-3 (Groundball, 56S, EV 83.1 MPH)
|
Bottom of the 1st over - 0 runs, 0 hits, 0 errors, 1 left on base; University of Oklahoma 0 - University of Conneticut 0 |
TOP OF THE 2ND |
University of Oklahoma Sooners batting - Pitching for University of Conneticut Huskies : LHP William Garcia
|
Batting: RHB Sam Mason
|
0-0: Swinging Strike 0-1: Ball 1-1: Swinging Strike 1-2: Ball 2-2: SOLO HOME RUN (Flyball, 78XD, EV 110.0 MPH), Distance : 428 ft
|
Batting: RHB Victor Borras
|
0-0: Ball 1-0: Called Strike 1-1: Ball 2-1: Foul Ball, location: 2F 2-2: Strikes out swinging
|
Batting: LHB Alex Benabides
|
0-0: Ball 1-0: Ball 2-0: Foul Ball, location: 2F 2-1: Ball 3-1: Foul Ball, location: 2F 3-2: Foul Ball, location: 2F 3-2: Foul Ball, location: 2F 3-2: Base on Balls
|
Batting: RHB Eric Peterson
|
0-0: Called Strike Alex Benabides is caught stealing 2nd base 2-4 0-1: Ball 1-1: Swinging Strike 1-2: Foul Ball, location: 2F 1-2: Strikes out swinging
|
Top of the 2nd over - 1 run, 1 hit, 0 errors, 0 left on base; University of Oklahoma 1 - University of Conneticut 0 |
BOTTOM OF THE 2ND |
University of Conneticut Huskies batting - Pitching for University of Oklahoma Sooners : RHP Colin Jensen
|
Batting: LHB Omar Alba
|
0-0: Ball 1-0: SINGLE (Groundball, 25, EV 70.0 MPH) (infield hit)
|
Batting: RHB Cullen Elliott
|
0-0: Called Strike 0-1: DOUBLE (Line Drive, 7LM, EV 104.4 MPH) Omar Alba to third
|
Batting: RHB Jack Vokey
|
0-0: Fly out, F8 (Flyball, 8LD, EV 102.5 MPH) Runner from 3rd tags up, SCORES, throw by CF Cullen Elliott to third
|
Batting: RHB Lee Wilbur
|
0-0: Ground out U3 (Groundball, 3, EV 86.2 MPH)
|
Batting: RHB Roku Kawano
|
0-0: Swinging Strike 0-1: Ball 1-1: Foul Ball, location: 2F 1-2: Ball 2-2: Ball 3-2: Foul Ball, location: 2F 3-2: Strikes out swinging
|
Bottom of the 2nd over - 1 run, 2 hits, 0 errors, 1 left on base; University of Oklahoma 1 - University of Conneticut 1 |
TOP OF THE 3RD |
University of Oklahoma Sooners batting - Pitching for University of Conneticut Huskies : LHP William Garcia
|
Batting: LHB Toby Clark
|
0-0: Swinging Strike 0-1: Called Strike 0-2: Foul Ball, location: 2F 0-2: Ball 1-2: Strikes out looking
|
Batting: RHB David Snyder
|
0-0: Ball 1-0: Called Strike 1-1: Swinging Strike 1-2: Strikes out swinging
|
Batting: RHB Jesus Montoya
|
0-0: Ball 1-0: Ball 2-0: Reached on error, E6 (Groundball, 56, EV 81.9 MPH)
|
Batting: LHB Cameron Marinelli
|
0-0: Foul Ball, location: 2F 0-1: Ball 1-1: Ball 2-1: Foul Ball, location: 2F 2-2: Foul Ball, location: 2F 2-2: Foul Ball, location: 2F 2-2: Ball 3-2: Foul Ball, location: 2F 3-2: Base on Balls Jesus Montoya to second
|
Batting: RHB Ruben Arreola
|
0-0: Called Strike 0-1: Fielders Choice at 2nd, 5-4 (Groundball, 56, EV 87.5 MPH)
|
Top of the 3rd over - 0 runs, 0 hits, 1 error, 2 left on base; University of Oklahoma 1 - University of Conneticut 1 |
BOTTOM OF THE 3RD |
University of Conneticut Huskies batting - Pitching for University of Oklahoma Sooners : RHP Colin Jensen
|
Batting: RHB Victor Nava
|
0-0: Ball 1-0: Ball 2-0: Ball 3-0: Called Strike 3-1: Swinging Strike 3-2: Strikes out looking
|
Batting: RHB Kyle Finney
|
0-0: Called Strike 0-1: Foul Ball, location: 2F 0-2: Ball 1-2: Foul Ball, location: 2F 1-2: Strikes out looking
|
Batting: LHB Greg James
|
0-0: Ball 1-0: Foul Ball, location: 2F 1-1: Ball 2-1: Reached via error on a dropped throw from 1B, E1 (Groundball, 34, EV 101.9 MPH)
|
Batting: RHB Jordan Nicholas
|
0-0: Called Strike 0-1: SINGLE (Groundball, 34S, EV 91.9 MPH) (infield hit) Greg James to second
|
Batting: LHB Omar Alba
|
0-0: Called Strike 0-1: Ball 1-1: Ball 2-1: Ball 3-1: DOUBLE (Flyball, 7LD, EV 100.6 MPH) Greg James scores Jordan Nicholas to third Runner from 3rd tries for Home, SAFE, throw by LF to home
|
Batting: RHB Cullen Elliott
|
0-0: Ball Wild Pitch! Omar Alba to third 1-0: Hit by Pitch
|
Batting: RHB Jack Vokey
|
0-0: Ball 1-0: Called Strike 1-1: SINGLE (Groundball, 34D, EV 103.1 MPH) Omar Alba scores Cullen Elliott to second Runner from 2nd tries for 3rd, OUT! 9-5
|
Bottom of the 3rd over - 3 runs, 3 hits, 1 error, 1 left on base; University of Oklahoma 1 - University of Conneticut 4 |
TOP OF THE 4TH |
University of Oklahoma Sooners batting - Pitching for University of Conneticut Huskies : LHP William Garcia
|
Batting: RHB Sam Mason
|
0-0: Called Strike 0-1: Ball 1-1: Ball 2-1: Ball 3-1: Called Strike 3-2: Strikes out swinging
|
Batting: RHB Victor Borras
|
0-0: Ball 1-0: Ball 2-0: Ball 3-0: Called Strike 3-1: Base on Balls
|
Batting: LHB Alex Benabides
|
0-0: Called Strike 0-1: Swinging Strike 0-2: Strikes out looking
|
Batting: RHB Eric Peterson
|
0-0: Ball 1-0: Ball 2-0: Ball 3-0: Called Strike 3-1: Called Strike 3-2: Base on Balls Victor Borras to second
|
Pinch Hitting: RHB Sugiarto Kartosuwiryo
|
0-0: Ball 1-0: Swinging Strike 1-1: Foul Ball, location: 2F 1-2: Ball 2-2: Ball 3-2: SINGLE (Groundball, 4M, EV 86.9 MPH) (infield hit) Victor Borras to third Eric Peterson to second
|
Batting: RHB David Snyder
|
0-0: Foul Ball, location: 2F 0-1: Ball 1-1: Ball 2-1: Ball 3-1: DOUBLE (Line Drive, 9LM, EV 90.0 MPH) Victor Borras scores Eric Peterson scores Sugiarto Kartosuwiryo to third
|
Batting: RHB Jesus Montoya
|
0-0: Swinging Strike 0-1: Swinging Strike 0-2: Foul Ball, location: 2F 0-2: SINGLE (Line Drive, 4D, EV 94.4 MPH) Sugiarto Kartosuwiryo scores David Snyder to third Runner from 3rd tries for Home, SAFE, throw by RF to home
|
Batting: LHB Cameron Marinelli
|
0-0: Ball 1-0: Called Strike Jesus Montoya steals 2nd base 1-1: Called Strike 1-2: Strikes out swinging
|
Top of the 4th over - 4 runs, 3 hits, 0 errors, 1 left on base; University of Oklahoma 5 - University of Conneticut 4 |
BOTTOM OF THE 4TH |
University of Conneticut Huskies batting - Pitching for University of Oklahoma Sooners : RHP Colin Jensen
|
Now at 3B: Jon Hubbard
|
|
Batting: RHB Lee Wilbur
|
0-0: Swinging Strike 0-1: Foul Ball, location: 2F 0-2: Strikes out looking
|
Batting: RHB Roku Kawano
|
0-0: Ground out 6-3 (Groundball, 6, EV 88.8 MPH)
|
Batting: RHB Victor Nava
|
0-0: Ball 1-0: Swinging Strike 1-1: Ground out 6-3 (Groundball, 6S, EV 83.1 MPH)
|
Bottom of the 4th over - 0 runs, 0 hits, 0 errors, 0 left on base; University of Oklahoma 5 - University of Conneticut 4 |
TOP OF THE 5TH |
University of Oklahoma Sooners batting - Pitching for University of Conneticut Huskies : LHP William Garcia
|
Batting: RHB Ruben Arreola
|
0-0: Called Strike 0-1: Ball 1-1: Called Strike 1-2: Strikes out looking
|
Batting: RHB Sam Mason
|
0-0: Called Strike 0-1: Ball 1-1: Ball 2-1: SOLO HOME RUN (Flyball, 78XD, EV 108.8 MPH), Distance : 411 ft
|
Batting: RHB Victor Borras
|
0-0: Ground out 6-3 (Groundball, 6, EV 90.6 MPH)
|
Batting: LHB Alex Benabides
|
0-0: Ball 1-0: Ball 2-0: Ball 3-0: Base on Balls
|
Pitching: RHP Sherwood Abernethy
|
|
Batting: RHB Eric Peterson
|
0-0: Ground out 4-3 (Groundball, 34, EV 83.1 MPH)
|
Top of the 5th over - 1 run, 1 hit, 0 errors, 1 left on base; University of Oklahoma 6 - University of Conneticut 4 |
BOTTOM OF THE 5TH |
University of Conneticut Huskies batting - Pitching for University of Oklahoma Sooners : RHP Colin Jensen
|
Batting: RHB Kyle Finney
|
0-0: Called Strike 0-1: Ball 1-1: Ball 2-1: Foul Ball, location: 2F 2-2: Ball 3-2: Foul Ball, location: 2F 3-2: Foul Ball, location: 2F 3-2: Strikes out swinging
|
Batting: LHB Greg James
|
0-0: Ball 1-0: Foul Ball, location: 2F 1-1: Called Strike 1-2: Reached on error, E6 (Groundball, 6, EV 81.9 MPH)
|
Pitching: LHP Chris Taggart
|
|
Batting: RHB Jordan Nicholas
|
0-0: Ball 1-0: Swinging Strike 1-1: Called Strike 1-2: Ball 2-2: Ball 3-2: Foul Ball, location: 2F 3-2: Foul Ball, location: 2F 3-2: Ground out 5-3 (Groundball, 56, EV 104.4 MPH)
|
Batting: LHB Omar Alba
|
0-0: Ball Wild Pitch! Greg James to third 1-0: Ball 2-0: Ground out 4-3 (Groundball, 4, EV 88.1 MPH)
|
Bottom of the 5th over - 0 runs, 0 hits, 1 error, 1 left on base; University of Oklahoma 6 - University of Conneticut 4 |
TOP OF THE 6TH |
University of Oklahoma Sooners batting - Pitching for University of Conneticut Huskies : RHP Sherwood Abernethy
|
Batting: RHB Jon Hubbard
|
0-0: Called Strike 0-1: Ball 1-1: Ball 2-1: Ground out 5-3 (Groundball, 5, EV 103.8 MPH)
|
Batting: RHB David Snyder
|
0-0: Ball 1-0: Ball 2-0: SINGLE (Groundball, 56, EV 95.0 MPH)
|
Batting: RHB Jesus Montoya
|
0-0: Ball 1-0: Grounds into double play, 5-4-3 (Groundball, 5, EV 80.0 MPH)
|
Top of the 6th over - 0 runs, 1 hit, 0 errors, 0 left on base; University of Oklahoma 6 - University of Conneticut 4 |
BOTTOM OF THE 6TH |
University of Conneticut Huskies batting - Pitching for University of Oklahoma Sooners : LHP Chris Taggart
|
Batting: RHB Cullen Elliott
|
0-0: Foul Ball, location: 2F 0-1: Foul Ball, location: 2F 0-2: Ball 1-2: Strikes out swinging
|
Batting: RHB Jack Vokey
|
0-0: Called Strike 0-1: Called Strike 0-2: Ball 1-2: Strikes out swinging
|
Batting: RHB Lee Wilbur
|
0-0: Ground out 5-3 (Groundball, 56, EV 105.0 MPH)
|
Bottom of the 6th over - 0 runs, 0 hits, 0 errors, 0 left on base; University of Oklahoma 6 - University of Conneticut 4 |
TOP OF THE 7TH |
University of Oklahoma Sooners batting - Pitching for University of Conneticut Huskies : RHP Sherwood Abernethy
|
Batting: LHB Cameron Marinelli
|
0-0: Ball 1-0: Ground out 4-3 (Groundball, 4, EV 84.4 MPH)
|
Batting: RHB Ruben Arreola
|
0-0: Ball 1-0: Foul Ball, location: 2F 1-1: Called Strike 1-2: Ground out 6-3 (Groundball, P, EV 88.8 MPH)
|
Batting: RHB Sam Mason
|
0-0: Ball 1-0: Ball 2-0: Called Strike 2-1: Foul Ball, location: 2F 2-2: Ball 3-2: SOLO HOME RUN (Flyball, 7D, EV 94.4 MPH), Distance : 377 ft
|
Batting: RHB Victor Borras
|
0-0: Ground out 6-3 (Groundball, 6, EV 82.5 MPH)
|
Top of the 7th over - 1 run, 1 hit, 0 errors, 0 left on base; University of Oklahoma 7 - University of Conneticut 4 |
BOTTOM OF THE 7TH |
University of Conneticut Huskies batting - Pitching for University of Oklahoma Sooners : LHP Chris Taggart
|
Batting: RHB Roku Kawano
|
0-0: Ground out 6-3 (Groundball, 56D, EV 81.2 MPH)
|
Batting: RHB Victor Nava
|
0-0: Ground out 4-3 (Groundball, 4, EV 78.8 MPH)
|
Batting: RHB Kyle Finney
|
0-0: Ball 1-0: Ground out 5-3 (Groundball, 5, EV 100.6 MPH)
|
Bottom of the 7th over - 0 runs, 0 hits, 0 errors, 0 left on base; University of Oklahoma 7 - University of Conneticut 4 |
TOP OF THE 8TH |
University of Oklahoma Sooners batting - Pitching for University of Conneticut Huskies : RHP Sherwood Abernethy
|
Batting: LHB Alex Benabides
|
0-0: Ball 1-0: SINGLE (Line Drive, 4MD, EV 107.5 MPH)
|
Pinch Hitting: RHB David Stuckey
|
0-0: Called Strike 0-1: Ball 1-1: Foul Ball, location: 2F 1-2: Foul Ball, location: 2F 1-2: Strikes out looking
|
Batting: RHB Jon Hubbard
|
0-0: Ball 1-0: Called Strike Alex Benabides steals 2nd base 1-1: Intentional Walk
|
Batting: RHB David Snyder
|
0-0: Called Strike 0-1: Ball 1-1: Ball 2-1: Grounds into double play, 6-4-3 (Groundball, 6S, EV 88.8 MPH)
|
Top of the 8th over - 0 runs, 1 hit, 0 errors, 1 left on base; University of Oklahoma 7 - University of Conneticut 4 |
BOTTOM OF THE 8TH |
University of Conneticut Huskies batting - Pitching for University of Oklahoma Sooners : LHP Chris Taggart
|
Now in LF: Paul Mooris
|
|
Now in RF: Alex Benabides
|
|
Pinch Hitting: LHB Hector Acosta
|
0-0: Foul Ball, location: 2F 0-1: Fly out, F9 (Flyball, 9D, EV 106.9 MPH)
|
Batting: RHB Jordan Nicholas
|
0-0: Ball 1-0: Ball 2-0: Ground out 4-3 (Groundball, 4, EV 93.1 MPH)
|
Batting: LHB Omar Alba
|
0-0: DOUBLE (Flyball, 89D, EV 101.9 MPH)
|
Batting: RHB Cullen Elliott
|
0-0: SINGLE (Groundball, 56, EV 110.0 MPH) (infield hit) Omar Alba to third
|
Batting: RHB Jack Vokey
|
0-0: Ball 1-0: Foul Ball, location: 2F 1-1: Ball 2-1: Foul Ball, location: 2F 2-2: Strikes out swinging
|
Bottom of the 8th over - 0 runs, 2 hits, 0 errors, 2 left on base; University of Oklahoma 7 - University of Conneticut 4 |
TOP OF THE 9TH |
University of Oklahoma Sooners batting - Pitching for University of Conneticut Huskies : RHP Sherwood Abernethy
|
Now in RF: Hector Acosta
|
|
Pinch Hitting: SHB Orlando Uribe
|
0-0: Ball 1-0: Foul Ball, location: 2F 1-1: Called Strike 1-2: Strikes out swinging
|
Pinch Hitting: LHB Pedro Marrero
|
0-0: Called Strike 0-1: Ball 1-1: Fly out, F8 (Flyball, 8LS, EV 78.1 MPH)
|
Batting: RHB Ruben Arreola
|
0-0: Ground out 6-3 (Groundball, 6MS, EV 64.4 MPH)
|
Top of the 9th over - 0 runs, 0 hits, 0 errors, 0 left on base; University of Oklahoma 7 - University of Conneticut 4 |
BOTTOM OF THE 9TH |
University of Conneticut Huskies batting - Pitching for University of Oklahoma Sooners : LHP Chris Taggart
|
Pitching: RHP Billy Russell
|
|
Now at 2B: Myles Sabine
|
|
Now in CF: Virgil Wenz
|
|
Pinch Hitting: RHB Paul Pastrano
|
0-0: Ball 1-0: Ground out 2-3 (Groundball, 2R, EV 64.4 MPH)
|
Pinch Hitting: LHB Andrew Barzee
|
0-0: Ball 1-0: Ball 2-0: Ball 3-0: Foul Ball, location: 2F 3-1: Called Strike 3-2: Strikes out looking
|
Pinch Hitting: SHB Miguel Perez
|
0-0: Ball 1-0: Foul Ball, location: 2F 1-1: Foul Ball, location: 2F 1-2: Ground out U3 (Groundball, 3S, EV 70.0 MPH)
|
Bottom of the 9th over - 0 runs, 0 hits, 0 errors, 0 left on base; University of Oklahoma 7 - University of Conneticut 4 |
|